 Dungeon Crawl Stone Soup version 0.27.0-1-g7a089689b8 (webtiles) character file.

Game seed: 17663478211669823282

2226 pkoi the Carver (level 9, -5/68 HPs)
             Began as a Minotaur Gladiator on Aug 17, 2021.
             Was a Believer of Wu Jian.
             Slain by an orc warrior (13 damage)
             ... on level 6 of the Dungeon.
             The game lasted 00:09:49 (8115 turns).

pkoi the Carver (Minotaur Gladiator)                Turns: 8115, Time: 00:09:49

Health: -5/68      AC:  6    Str: 28    XL:     9   Next: 13%
Magic:  0/8        EV: 12    Int:  5    God:    Wu Jian [**....]
Gold:   356        SH:  0    Dex: 12    Spells: 8/8 levels left

rFire    . . .     SeeInvis .   a - +0 long sword
rCold    . . .     Faith    .   (no shield)
rNeg     . . .     Spirit   .   b - +0 leather armour
rPois    .         Reflect  .   k - +2 hat
rElec    .         Harm     .   (no cloak)
rCorr    +         Rampage  .   (no gloves)
Will     .....                  r - +0 pair of boots
Stlth    +.........             (no amulet)
HPRegen  0.21/turn              g - ring of resist corrosion
MPRegen  0.11/turn              c - +6 ring of strength

@: no status effects
A: horns 2, retaliatory headbutt
a: Renounce Religion, Wall Jump


You were on level 6 of the Dungeon.
You worshipped Wu Jian.
Wu Jian was pleased with you.
You visited 2 branches of the dungeon, and saw 7 of its levels.

You collected 356 gold pieces.

Inventory:

Hand Weapons
 a - a +0 long sword (weapon)
Missiles
 d - 3 throwing nets (quivered)
Armour
 b - a +0 leather armour (worn)
 k - a +2 hat (worn)
 r - a +0 pair of boots (worn)
Jewellery
 c - a +6 ring of strength (right hand)
 g - a ring of resist corrosion (left hand)
 n - a ring of see invisible
 t - a ring of fire
Wands
 m - a wand of iceblast (21)
 o - a wand of digging (2)
Scrolls
 j - a scroll of identify
 l - a scroll of teleportation
 s - a scroll of fog
Potions
 e - 3 potions of curing {unknown}
 f - 2 potions of invisibility {unknown}
 h - a potion of might
 i - 2 potions of flight
 p - 2 potions of degeneration {unknown}
 q - a potion of magic {unknown}


   Skills:
 - Level 2.4 Fighting
 + Level 14.2 Long Blades
 - Level 2.0 Throwing
 - Level 3.2 Dodging


You had 8 spell levels left.
You didn't know any spells.
Your spell library contained the following spells:

 Spells                   Type           Power      Damage    Failure   Level
 Beastly Appendage        Tmut           0%         N/A       52%         1
 Wereblood                Tmut           0%         N/A       65%         2
 Spider Form              Tmut/Pois      0%         N/A       87%         3
 Summon Forest            Summ/Tloc      0%         N/A       100%        5
 Summon Mana Viper        Hex/Summ       0%         N/A       100%        5
 Shadow Creatures         Summ           N/A        N/A       100%        6


Dungeon Overview and Level Annotations

Branches:
Dungeon (6/15)             Temple (1/1) D:5

Altars:
Ashenzari
Cheibriados
Elyvilon
Gozag
Kikubaaqudgha
Nemelex Xobeh
Okawaru
Ru
Sif Muna
Trog
Vehumet
Wu Jian
Xom
Yredelemnul
Zin
The Shining One

Shops:
D:1 *

Annotations:
D:5 2 runed translucent doors, mystokesss's ghost, amateur DjFE


Innate Abilities, Weirdness & Mutations

You have a pair of horns on your head.
You reflexively headbutt those who attack you in melee.


Message History

There is an open door here.
You can no longer move at supernatural speeds.
Found a shiny granite ring.
An orc warrior comes into view. It is wielding a +3 antimagic war axe.
Found a trident.
t - a ring of fire You closely miss the orc warrior.
Your headbutt misses the orc warrior. The orc warrior barely misses you.
You hit the orc warrior but do no damage.
You headbutt the orc warrior!
The orc warrior is moderately wounded.
You closely miss the orc warrior.
You headbutt the orc warrior, but do no damage.
The orc warrior is moderately wounded.
The orc warrior hits you with a +3 antimagic war axe!
You feel your power leaking away.
You hit the orc warrior but do no damage.
The orc warrior is moderately wounded.
The orc warrior hits you with a +3 antimagic war axe!
You feel your power leaking away.
You hit the orc warrior but do no damage.
You headbutt the orc warrior.
The orc warrior is heavily wounded.
The orc warrior hits you with a +3 antimagic war axe!!
You hit the orc warrior but do no damage.
The orc warrior is heavily wounded.
You barely miss the orc warrior.
The orc warrior is heavily wounded.
The orc warrior hits you with a +3 antimagic war axe.
You closely miss the orc warrior.
You headbutt the orc warrior, but do no damage.
The orc warrior is heavily wounded.
The orc warrior hits you with a +3 antimagic war axe!
* * * LOW HITPOINT WARNING * * *
You hit the orc warrior. Your headbutt misses the orc warrior.
The orc warrior is severely wounded.
You hit the orc warrior but do no damage.
The orc warrior is severely wounded.
The orc warrior hits you with a +3 antimagic war axe!
You die...

.....# #.........#
#.#......... ######
#.........# #.#..#.#.#.#
#.........# #.#.........
#.........# ..#..##.#.#.
#.........# #.#...#.#...
####'###### #####.#.#### #.#
#.#..... #.####### .#.######
.......#..o@..#####.#.......
######.#.####.......#.......
#.#.#....#######.......
#.#.#....# ###.....
#o#.#....# #.###.....
#.#.#..... ....'.....
#.#.#..).# ##.....
..#......# #..... #.....
#.####


You could see an orc warrior.

Vanquished Creatures
  Pikel (D:6)
  Grinder (D:5)
  Menkaure (D:5)
  A water moccasin (D:5)
  2 black bears (D:6)
  2 ogres (D:5)
  3 lemures (D:5)
  A centaur (D:6)
  A kobold brigand (D:4)
  Blork the orc (D:6)
  A wyvern zombie (D:5)
  A water moccasin skeleton (D:4)
  A howler monkey (D:4)
  2 jellies (D:5)
  3 hounds
  3 bullfrog skeletons
  A gnoll shaman (D:5)
  Jessica (D:2)
  2 iguanas
  Ijyb (D:4)
  3 orc wizards (D:4)
  A howler monkey zombie (D:5)
  5 gnolls (D:5)
  4 adders
  3 white imps
  An ufetubus (D:5)
  2 adder skeletons
  3 worms
  3 dart slugs
  6 orcs (D:4)
  5 endoplasms
  2 giant cockroaches (D:1)
  4 goblins
  11 hobgoblins
  7 jackals (D:1)
  2 kobolds
  4 quokkas
  3 ball pythons
  2 bats
  4 frilled lizards
  3 rats (D:1)
108 creatures vanquished.

Notes
Turn   | Place    | Note
-------+----------+-------------------------------------------
     0 | D:1      | pkoi the Minotaur Gladiator began the quest for the Orb.
     0 | D:1      | Reached XP level 1. HP: 18/18 MP: 0/0
    85 | D:1      | Found a faded altar of an unknown god.
   132 | D:1      | Reached skill level 4 in Long Blades
   140 | D:1      | Became a worshipper of the Wu Jian Council
   140 | D:1      | Reached * piety under Wu Jian
   175 | D:1      | Reached XP level 2. HP: 18/25 MP: 1/1
   327 | D:1      | Reached skill level 5 in Long Blades
   430 | D:1      | Reached XP level 3. HP: 30/30 MP: 2/2
   673 | D:1      | Found Oresiur's Assorted Antiques.
  1088 | D:2      | Noticed Jessica
  1094 | D:2      | Killed Jessica
  1163 | D:2      | Reached ** piety under Wu Jian
  1164 | D:2      | Reached skill level 6 in Long Blades
  1164 | D:2      | Reached XP level 4. HP: 37/37 MP: 3/3
  2869 | D:4      | Noticed Ijyb
  2872 | D:4      | Reached skill level 7 in Long Blades
  2872 | D:4      | Reached XP level 5. HP: 30/42 MP: 4/4
  2969 | D:4      | Killed Ijyb
  3255 | D:4      | Reached skill level 8 in Long Blades
  3430 | D:4      | Reached XP level 6. HP: 36/50 MP: 5/5
  3758 | D:4      | Reached skill level 9 in Long Blades
  3796 | D:4      | Found an ornate altar of the Wu Jian Council.
  3805 | D:4      | Noticed a spectral centipede
  3805 | D:4      | Noticed a spectral black mamba
  3805 | D:4      | Noticed a spectral cane toad
  4020 | D:4      | Reached XP level 7. HP: 26/56 MP: 6/6
  4416 | D:5      | Entered Level 5 of the Dungeon
  4454 | D:5      | Reached skill level 10 in Long Blades
  4665 | D:5      | Found a large runed translucent door.
  4669 | D:5      | Found a large runed translucent door.
  4670 | D:5      | Noticed mystokesss's ghost (amateur DjFE)
  4825 | D:5      | Noticed Menkaure
  4829 | D:5      | Killed Menkaure
  4829 | D:5      | Reached *** piety under Wu Jian
  4830 | D:5      | Reached skill level 11 in Long Blades
  5059 | D:5      | Reached XP level 8. HP: 21/62 MP: 7/7
  5439 | D:5      | Found a staircase to the Ecumenical Temple.
  5445 | D:5      | Noticed Grinder
  5448 | D:5      | Paralysed by Grinder for 2 turns
  5457 | D:5      | Killed Grinder
  5458 | D:5      | Reached skill level 12 in Long Blades
  5466 | Temple   | Entered the Ecumenical Temple
  6525 | D:6      | Noticed Blork the orc
  6714 | D:6      | Killed Blork the orc
  6732 | D:6      | Reached skill level 13 in Long Blades
  6827 | D:6      | Found a bloodstained altar of Trog.
  7262 | D:6      | Noticed Pikel
  7291 | D:6      | HP: 3/62 [Pikel/iceblast (11)]
  7925 | D:6      | Killed Pikel
  7926 | D:6      | Reached skill level 14 in Long Blades
  7926 | D:6      | Reached XP level 9. HP: 53/68 MP: 8/8
  8115 | D:6      | Slain by an orc warrior

Illustrated notes

Levels and vault maps discovered:
D:1:      dpeg_arrival_ternary, layout_basic,
          dreamdust_ecumenical_altar_hidden_monk_grotto, serial_shops,
          nicolae_shop_competitors_out_of_business
D:2:      layout_basic, uniq_jessica
D:3:      cheibrodos_helix_gallery, layout_basic
D:4:      layout_loops_corners, pdpol_wu_jian_five_deadly_venoms, uniq_ijyb
D:5:      layout_loops_corners, minmay_temple_entry_wispy,
          ebering_ghost_disaster_area, kennysheep_generic_room_4, uniq_grinder,
          uniq_menkaure
D:6:      layout_basic, trog_ov_bears_minmay, serial_co_window_serial,
          co_window_paths_a, co_window_paths_a, co_window_paths_a,
          co_window_corner_a, co_window_corner_a, co_window_of_opportunity_a,
          co_window_paths_b, co_window_of_opportunity_b, co_window_corner_b,
          co_window_corner_b, glass_columns_a, glass_columns_c, glass_columns_a,
          uniq_blork_the_orc, uniq_pikel
Temple:   dpeg_chambers_temple

Skill      XL: |  1  2  3  4  5  6  7  8 |
---------------+-------------------------+-----
Long Blades    | 4 5 6 7 8 9 11 14 | 14.2
Fighting       | |  2.4
Throwing       | |  2.0
Dodging        | |  3.2

Action                   |  1- 3 |  4- 6 |  7- 9 || total
-------------------------+-------+-------+-------++-------
Melee: Long sword        |    45 |   135 |   160 ||   340
       Headbutt          |     6 |    21 |    33 ||    60
Invok: Lunge             |     4 |     7 |    10 ||    21
       Whirlwind         |    24 |    44 |    16 ||    84
       Serpent's Lash    |       |       |     1 ||     1
  Use: Scroll            |       |     6 |     2 ||     8
       Potion            |       |       |     1 ||     1
Armor: Leather armour    |     8 |    22 |    24 ||    54
Dodge: Dodged            |    29 |    69 |    60 ||   158
       Rpst.: Long sword |     9 |    21 |    14 ||    44
